 Dungeon Crawl Stone Soup version 0.30-b1-2-g02819fbbbe (webtiles) character file.

Game seed: 4644360659925250252

172 raph the Caller (level 5, 0/28 HPs)
             Began as a Deep Elf Summoner on Oct 23, 2023.
             Slain by a cerulean imp
             ... wielding a +1 spear
             ... summoned by Natasha
              (5 damage)
             ... on level 3 of the Dungeon.
             The game lasted 00:06:40 (3412 turns).

raph the Caller (Deep Elf Summoner)                 Turns: 3412, Time: 00:06:40

Health: 0/28       AC:  4    Str:  5    XL:     5   Next: 27%
Magic:  9/13       EV: 12    Int: 22    God:
Gold:   75         SH:  0    Dex: 15    Spells: 3/12 levels left

rFire   . . .        j - +0 dagger (venom)
rCold   . . .        (no shield)
rNeg    + . .        a - +1 robe
rPois   .            (no helmet)
rElec   .            t - +0 cloak
rCorr   .            (no gloves)
SInv    .            (no boots)
Will    .....        (no amulet)
Stlth   ++           c - ring of positive energy
HPRegen 0.24/turn    (no ring)
MPRegen 0.13/turn

%: no passive effects
@: no status effects
A: no striking features
a: no special abilities


You were on level 3 of the Dungeon.
You visited 1 branch of the dungeon, and saw 3 of its levels.

You collected 75 gold pieces.

Inventory:

Hand Weapons
 f - a +0 dagger
 i - a +1 antimagic dagger
 j - a +0 dagger of venom (weapon)
 u - a +0 dagger of protection
Missiles
 m - 3 boomerangs
Armour
 a - a +1 robe (worn)
 t - a +0 cloak (worn)
Jewellery
 c - a ring of positive energy (left hand)
 e - the amulet of Equivalence {Reflect rPois Regen+ Str-4 SH+5 SInv}
   (You acquired it on level 2 of the Dungeon)

   [amulet of reflection]

   It reflects blocked missile attacks.
   Str:       It affects your strength (-4).
   rPois:     It protects you from poison.
   SInv:      It lets you see invisible.
   Regen:     It increases your rate of health regeneration.
   SH:        It affects your SH (+5).
Wands
 r - a wand of polymorph (11)
Scrolls
 h - a scroll of enchant armour
 k - 2 scrolls of amnesia
 l - a scroll of magic mapping
 n - 2 scrolls of identify
 p - a scroll of fear {unknown}
 q - a scroll of enchant weapon {unknown}
Potions
 b - a potion of magic
 d - a potion of flight
 g - a potion of curing
 o - a potion of heal wounds {unknown}
 s - a potion of mutation {unknown}


   Skills:
 - Level 2.4 Dodging
 - Level 2.4 Stealth
 + Level 4.4 Spellcasting
 + Level 1.8 Hexes
 * Level 6.4 Summonings


You had 3 spell levels left.
You knew the following spells:

 Your Spells              Type           Power      Damage    Failure   Level
a - Summon Small Mammal   Summ           100%       N/A       1%          1
b - Call Imp              Summ           66%        N/A       1%          2
c - Call Canine Familiar  Summ           33%        N/A       2%          3
d - Summon Guardian Gole  Hex/Summ       23%        N/A       6%          3

Your spell library contained the following spells:

 Spells                   Type           Power      Damage    Failure   Level
 Stone Arrow              Conj/Erth      8%         3d7       32%         3
 Animate Armour           Summ/Erth      38%        N/A       28%         4
 Summon Lightning Spire   Summ/Air       19%        N/A       28%         4
 Lehudib's Crystal Spear  Conj/Erth      2%         10d2      100%        8


Dungeon Overview and Level Annotations

Branches:
Dungeon (3/15)

Altars:
Vehumet

Annotations:
D:3 Natasha


Message History

The cerulean imp hits you with a +2 spear.
Your hound closely misses Natasha.
Natasha misses your hound.
Your hound bites Natasha.
The cerulean imp hits you with a +2 spear.
Your hound bites Natasha.
Natasha claws your hound.
Your hound dies!
Your hound's corpse disappears in a puff of smoke!
The cerulean imp barely misses you.
Natasha hisses angrily.
The cerulean imp hits you with a +2 spear.
* * * LOW HITPOINT WARNING * * *
You hit Natasha but do no damage.
Natasha is poisoned.
Natasha is heavily wounded.
Your bat barely misses Natasha.
Natasha casts a spell.
The cerulean imp barely misses you. Natasha attacks as you move away!
Natasha misses you.
Your bat hits Natasha but does no damage.
The cerulean imp barely misses you.
Your bat hits Natasha but does no damage.
Natasha howls an incantation.
Natasha glows brightly for a moment.
Natasha completely misses your bat. The cerulean imp closely misses you.
Your bat closely misses Natasha.
Natasha misses your bat.
Your bat hits the cerulean imp.
The cerulean imp hits your bat with a +2 spear.
Natasha mumbles some strange words.
Natasha's front paws start to glow.
Natasha casts a spell.
Your bat misses the cerulean imp.
The cerulean imp closely misses your bat.
Natasha claws your bat!
Your bat dies!
Your bat's corpse disappears in a puff of smoke!
The cerulean imp hits you from afar with a +2 spear.
* * * LOW HITPOINT WARNING * * *
Natasha drinks a potion.
Natasha is healed!
Natasha looks more healthy.
Natasha claws your guardian golem but does no damage.
The cerulean imp hits you from afar with a +1 spear.
You die...

#..###.##.≈.# #.# #
#..##...#.≈.#.# #.# #
#..#....9.≈†#.# #.# #
#.......h...#.### #.# #
##.#...†....#...
..#####.###
#.##...#5#.#..###..........
#.###.##.#5#...............
#.###...5#.#...##.##.##.###
#........#@).).# # #.# #
########...#)....... ..#
#...###.##.## #### ##.## .#
#.# . #.# ## #.# #.# #.#


You could see a cerulean imp (summoned).

Vanquished Creatures
  A dart slug (D:1)
  A bat (D:2)
  2 goblins
  3 hobgoblins
  A kobold (D:2)
  4 frilled lizards
12 creatures vanquished.

Vanquished Creatures (collateral kills)
  Natasha (twice) (D:3)
  Terence (D:2)
  10 orcs (D:3)
  2 bats (D:1)
  3 endoplasms
  2 giant cockroaches
  4 goblins
  2 hobgoblins
  A kobold (D:3)
  4 quokkas
  4 ball pythons
  6 rats
41 creatures vanquished.

Vanquished Creatures (others)
  Crazy Yiuf (D:3)
1 creature vanquished.

Grand Total: 54 creatures vanquished

Notes
Turn   | Place    | Note
-------+----------+-------------------------------------------
     0 | D:1      | raph the Deep Elf Summoner began the quest for the Orb.
     0 | D:1      | Reached XP level 1. HP: 10/10 MP: 6/6
   370 | D:1      | Reached XP level 2. HP: 9/15 MP: 6/8
   373 | D:1      | Learned a level 2 spell: Call Imp
   493 | D:1      | Reached skill level 5 in Summonings
  1408 | D:2      | Reached XP level 3. HP: 19/19 MP: 7/9
  1498 | D:2      | Learned a level 3 spell: Call Canine Familiar
  1958 | D:2      | Noticed Terence
  2289 | D:2      | Killed Terence
  2402 | D:2      | Identified a scroll of acquirement
  2402 | D:2      | Acquired the amulet of Equivalence {Reflect rPois Regen+
                  | Str-4 SH+5 SInv}
  2499 | D:2      | Found a faded altar of an unknown god.
  2640 | D:3      | Learned a level 3 spell: Summon Guardian Golem
  2695 | D:3      | Reached XP level 4. HP: 24/24 MP: 0/11
  2912 | D:3      | Found a runed translucent door.
  2913 | D:3      | Noticed Crazy Yiuf
  2935 | D:3      | Killed Crazy Yiuf
  2936 | D:3      | Reached skill level 1 in Hexes
  2936 | D:3      | Reached skill level 6 in Summonings
  3283 | D:3      | Found a radiant altar of Vehumet.
  3298 | D:3      | Noticed Natasha
  3305 | D:3      | Killed Natasha
  3307 | D:3      | Reached XP level 5. HP: 28/28 MP: 13/13
  3347 | D:3      | Noticed Natasha
  3371 | D:3      | Killed Natasha
  3392 | D:3      | Noticed Natasha
  3412 | D:3      | Slain by a cerulean imp

Illustrated notes

Levels and vault maps discovered:
D:1:      onia_arrival_handbag, layout_basic, minmay_misc_feat_chi,
          nicolae_kite_square_tiling_tiny, minmay_misc_feat_doors,
          minmay_crystal_room
D:2:      layout_loops_ring, chequers_ecumenical_altar_grove, uniq_terence
D:3:      layout_loops_ring, mainiacjoe_overflow_boulevard, serial_shops, shop,
          uniq_natasha, uniq_crazy_yiuf_cottage

Skill      XL: |  1  2  3  4 |
---------------+-------------+-----
Summonings     | 5 6 |  6.4
Spellcasting   | 4 |  4.4
Hexes          | 1 |  1.8
Dodging        | |  2.4
Stealth        | |  2.4

Action                     |  1- 3 |  4- 6 || total
---------------------------+-------+-------++-------
  Melee: Unarmed           |    24 |       ||    24
         Dagger            |    51 |    18 ||    69
         Punch             |     1 |       ||     1
   Cast: Summon Small Mamm |    34 |     4 ||    38
         Call Imp          |    13 |     3 ||    16
         Call Canine Famil |     5 |     4 ||     9
         Summon Guardian G |     1 |     3 ||     4
    Use: Scroll            |     7 |       ||     7
   Stab: Sleeping          |     1 |       ||     1
 Armour: Robe              |    17 |     7 ||    24
  Dodge: Dodged            |    66 |    28 ||    94
